 Dungeon Sprint DCSS version 0.28-a0-1339-ga5422284a4 (webtiles) character file.

Game seed: 3842573602425708458

2246 mhtbhm the Spear-Bearer (level 9, -12/82 HPs)
             Began as a Human Berserker on Dec 28, 2021.
             Was a High Priest of Trog.
             Hit by a large rock thrown by a cyclops (39 damage)
             ... in the Dungeon (Sprint IX: "|||||||||||||||||||||||||||||").
             The game lasted 00:01:05 (532 turns).

mhtbhm the Spear-Bearer (Human Berserker)            Turns: 532, Time: 00:01:06

Health: -12/82     AC: 14    Str: 23    XL:     9   Next: 63%
Magic:  9/9        EV: 10    Int: 13    God:    Trog [*****.]
Gold:   0          SH:  0    Dex: 12    Spells: 8/8 levels left

rFire   . . .      SeeInvis .   a - +2 halberd (flame)
rCold   . . .      Faith    .   (no shield)
rNeg    . . .      Spirit   .   b - +1 chain mail
rPois   .          Reflect  .   (no helmet)
rElec   .          Harm     .   l - +0 cloak
rCorr   .          Rampage  .   k - +0 pair of gloves
Will    .....      NoTele   +   (no boots)
Stlth   ..........              (no amulet)
HPRegen 0.23/turn               m - +3 ring of intelligence
MPRegen 0.11/turn               n - +3 ring of intelligence

@: on berserk cooldown, slowed, very slow
A: no striking features
a: Renounce Religion, Berserk, Trog's Hand, Brothers in Arms


You were in the Dungeon.
You worshipped Trog.
Trog was extremely pleased with you.
You visited 1 branch

Inventory:

Hand Weapons
 a - a +2 halberd of flaming (weapon)
Armour
 b - a +1 chain mail (worn)
 k - a +0 pair of gloves (worn)
 l - a +0 cloak (worn)
Jewellery
 m - a +3 ring of intelligence (left hand)
 n - a +3 ring of intelligence (right hand)
Wands
 j - a wand of acid (9)
Scrolls
 h - a scroll of blinking
Potions
 c - 5 potions of curing
 d - 3 potions of heal wounds
 e - a potion of haste
 f - 4 potions of magic
 g - a potion of berserk rage
 i - a potion of invisibility


   Skills:
 + Level 12.0 Fighting
 + Level 14.2 Polearms
 + Level 7.9 Armour
 + Level 6.5 Dodging
 + Level 3.0 Stealth


You had 8 spell levels left.
You didn't know any spells.
Your spell library was empty.

Dungeon Overview and Level Annotations

Branches:
Dungeon (1/1)

Altars:
Cheibriados
Dithmenos
Elyvilon
Fedhas
Gozag
Hepliaklqana
Kikubaaqudgha
Makhleb
Nemelex Xobeh
Okawaru
Qazlal
Ru
Sif Muna
Trog
Uskayaw
Vehumet
Wu Jian
Xom
Yredelemnul
Zin
The Shining One
Beogh
Jiyva
Lugonu


Message History

Trog accepts your kill.
Unknown command.
Unknown command.
Unknown command.
Reach: a) +2 halberd (flame)
Press: ? - help, Dir - move target, f - troll
Aim: a troll (about 34% to evade your +2 halberd of flaming)
You reach to attack!
You slash the troll! You burn the troll.
The troll is heavily wounded.
Unknown command.
Reach: a) +2 halberd (flame)
Press: ? - help, Dir - move target, f/p - troll
Aim: a troll (heavily wounded, about 34% to evade your +2 halberd of flaming)
You slash the troll! You burn the troll.
The troll is almost dead.
The meliai calls down the wrath of its god upon you.
Something smites you! The troll closely misses you. The troll claws you.
The troll claws you but does no damage.
You puncture the troll! You burn the troll.
You kill the troll!
Trog accepts your kill.
Unknown command.
Unknown command.
Reach: a) +2 halberd (flame)
Press: ? - help, Dir - move target, f - meliai
Aim: a meliai, wielding a +0 broad axe and wearing a +0 robe (about 46% to evade your +2 halberd of flaming)
You reach to attack!
You slice the meliai!! You burn the meliai!
You kill the meliai!
Trog accepts your kill.
Trog will now gift you melee weapons as you gain piety.
Your Fighting skill increases to level 12!
Your Polearms skill increases to level 14!
Your Stealth skill increases to level 3!
Unknown command.
You feel a strong urge to attack something.
You are no longer berserk.
You are exhausted.
You feel yourself slow down.
The cyclops throws a large rock.
The large rock hits you!!!
You die... ▓▓▓▓▓▓▓▓▓▓▓▓▓▓▓▓▓▓▓▓▓▓▓▓▓▓ ...CC)'..@..)÷...[.))?.'__ ▓▓▓▓▓▓▓▓▓▓▓▓▓▓▓▓▓▓▓▓▓▓▓▓▓▓

You could see 2 cyclopes.

Vanquished Creatures
  An ugly thing (D)
  A meliai (D)
  2 trolls (D)
  A slime creature (D)
  A wraith (D)
  A water moccasin (D)
  An ice beast (D)
  An ogre (D)
  A wight (D)
  A hound (D)
  2 endoplasms (D)
  2 jackals (D)
  A giant cockroach zombie (D)
  A jackal zombie (D)
  A kobold (D)
  A quokka zombie (D)
19 creatures vanquished.

Vanquished Creatures (collateral kills)
  A two-headed ogre (D)
1 creature vanquished.

Grand Total: 20 creatures vanquished

Notes
Turn   | Place    | Note
-------+----------+-------------------------------------------
     0 | D        | mhtbhm the Human Berserker began the quest for the Orb.
     0 | D        | Reached XP level 1. HP: 18/18 MP: 1/1
    10 | D        | Reached ** piety under Trog
    14 | D        | Reached XP level 2. HP: 25/25 MP: 2/2
    61 | D        | Noticed a water moccasin
    61 | D        | Noticed an ogre
    61 | D        | Noticed an ice beast
    68 | D        | Reached skill level 5 in Polearms
    68 | D        | Reached XP level 3. HP: 32/32 MP: 3/3
    71 | D        | Killed an ice beast
    71 | D        | Reached *** piety under Trog
    72 | D        | Reached skill level 6 in Polearms
    72 | D        | Reached XP level 4. HP: 41/41 MP: 4/4
    72 | D        | Reached XP level 5. HP: 47/47 MP: 5/5
    74 | D        | Killed an ogre
    75 | D        | Reached skill level 8 in Polearms
    75 | D        | Reached XP level 6. HP: 55/55 MP: 6/6
    82 | D        | Killed a water moccasin
    83 | D        | Reached skill level 9 in Polearms
   121 | D        | Found a snail-covered altar of Cheibriados.
   121 | D        | Found a shadowy altar of Dithmenos.
   121 | D        | Found a white marble altar of Elyvilon.
   121 | D        | Found a blossoming altar of Fedhas.
   121 | D        | Found an opulent altar of Gozag.
   122 | D        | Found a hazy altar of Hepliaklqana.
   123 | D        | Found a viscous altar of Jiyva.
   124 | D        | Found an ancient bone altar of Kikubaaqudgha.
   125 | D        | Found a corrupted altar of Lugonu.
   126 | D        | Found a burning altar of Makhleb.
   127 | D        | Found a sparkling altar of Nemelex Xobeh.
   128 | D        | Found an iron altar of Okawaru.
   129 | D        | Found a stormy altar of Qazlal.
   130 | D        | Found a sacrificial altar of Ru.
   131 | D        | Found a shimmering blue altar of Sif Muna.
   132 | D        | Found a bloodstained altar of Trog.
   133 | D        | Found a hide-covered altar of Uskayaw.
   134 | D        | Found a radiant altar of Vehumet.
   135 | D        | Found an ornate altar of the Wu Jian Council.
   136 | D        | Found a shimmering altar of Xom.
   137 | D        | Found a basalt altar of Yredelemnul.
   138 | D        | Found a glowing silver altar of Zin.
   139 | D        | Found a glowing golden altar of the Shining One.
   192 | D        | Noticed a two-headed ogre
   192 | D        | Noticed a wraith
   192 | D        | Noticed a troll
   196 | D        | Killed a troll
   196 | D        | Reached **** piety under Trog
   197 | D        | Reached skill level 10 in Polearms
   197 | D        | Reached skill level 5 in Armour
   197 | D        | Reached skill level 5 in Dodging
   197 | D        | Reached skill level 1 in Stealth
   197 | D        | Reached XP level 7. HP: 64/64 MP: 7/7
   208 | D        | Killed a wraith
   209 | D        | Reached skill level 10 in Fighting
   209 | D        | Reached skill level 11 in Polearms
   214 | D        | Killed a two-headed ogre
   215 | D        | Reached skill level 12 in Polearms
   215 | D        | Reached XP level 8. HP: 12/75 MP: 8/8
   511 | D        | Noticed a cyclops
   511 | D        | Noticed a cyclops
   511 | D        | Noticed a meliai
   511 | D        | Noticed a troll
   511 | D        | Noticed a white ugly thing
   511 | D        | Noticed a slime creature
   519 | D        | Killed a slime creature
   520 | D        | Reached skill level 13 in Polearms
   520 | D        | Reached XP level 9. HP: 69/81 MP: 9/9
   526 | D        | Killed a white ugly thing
   529 | D        | Killed a troll
   530 | D        | Killed a meliai
   530 | D        | Reached ***** piety under Trog
   531 | D        | Reached skill level 14 in Polearms
   532 | D        | Hit by a large rock thrown by a cyclops

Illustrated notes

Levels and vault maps discovered:
D:        linesprint [early_d, line_temple, items_1, d_10, items_2, lair_1,
          lair_end, items_3, orc_1, orc_end, items_4, d_15, swamp_1, shoals_1,
          snake_1, spider_1, d_20, vaults_1, items_5, swamp_end, shoals_end,
          snake_end, spider_end, vaults_end, d_27, items_6, zot_1, zot_end,
          crypt_end, forest_end, elf_end, slime_end, tomb_end, abyss_end,
          pan_hell_end]

Skill      XL: |  1  2  3  4  5  6  7  8  9 |
---------------+----------------------------+-----
Fighting       | 4 6 7 9 11 12 | 12.0
Polearms       | 5 6 8 10 12 13 14 | 14.2
Armour         | 3 4 5 6 7 |  7.9
Dodging        | 3 4 5 6 |  6.5
Stealth        | 1 2 3 |  3.0

Action                   |  1- 3 |  4- 6 |  7- 9 || total
-------------------------+-------+-------+-------++-------
Melee: Spear             |    16 |    12 |       ||    28
       Halberd           |       |     3 |    29 ||    32
Invok: Berserk           |     2 |     1 |     1 ||     4
       Brothers in Arms  |       |       |     1 ||     1
Evoke: Wand              |       |       |     1 ||     1
  Use: Scroll            |       |       |     1 ||     1
Armor: Animal skin       |     1 |       |       ||     1
       Chain mail        |       |       |     5 ||     5
Dodge: Dodged            |     5 |     3 |     5 ||    13

Table legend: (Time is in decaauts)
 A = Elapsed time spent in this place.
 B = Non-inter-level travel time spent in this place.
 C = Inter-level travel time spent in this place.
 D = Time resting spent in this place.
 E = Time spent auto-exploring this place.
 F = Levels seen in this place.
 G = Mean time per level.
                   A        B        C        D        E       F      G
               +--------+--------+--------+--------+--------+-----+--------+
         Total |    539 |    539 |      0 |    378 |      3 |   1 |  539.0 |
       Dungeon |    539 |    539 |      0 |    378 |      3 |   1 |  539.0 |
               +--------+--------+--------+--------+--------+-----+--------+

Top non-repeatable levels by time:
       D: 539 daAuts
